 Dungeon Crawl Stone Soup version 0.27.1-34-g3ba077fa99 (webtiles) character file.

Game seed: 7009155409011502802

5107 BoredOne the Fighter (level 10, 0/80 HPs)
             Began as a Djinni Conjurer on Jan 7, 2022.
             Was a Follower of Makhleb.
             Slain by a wight (12 damage)
             ... on level 8 of the Dungeon.
             The game lasted 00:28:47 (9481 turns).

BoredOne the Fighter (Djinni Conjurer)              Turns: 9481, Time: 00:28:49

Health: 0/80       AC:  6    Str:  6    XL:     10   Next: 88%
Gold:   619        EV: 12    Int: 22    God:    Makhleb [*.....] SH:  6 Dex: 13

rFire    + + +     SeeInvis .   u - +3 whip (freeze)
rCold    . . .     Faith    .   o - +1 buckler
rNeg     . . .     Spirit   .   z - +2 robe {rC+ rF+}
rPois    ∞         Reflect  .   j - +0 helmet
rElec    .         Harm     .   (no cloak)
rCorr    .         Rampage  .   p - +0 pair of gloves
Will     +....                  (boots unavailable)
Stlth    ++........             (no amulet)
HPRegen  0.23/turn              h - ring of protection from fire
MPRegen  0.00/turn              (no ring)

@: flying, very slightly contaminated, hasted, very quick
A: sickness immunity, fire resistance 2, cold vulnerability 1, float, innate
caster, hp casting, extra vitality 1
a: Renounce Religion


You were on level 8 of the Dungeon.
You worshipped Makhleb.
Makhleb was aware of your devotion.
You visited 2 branches of the dungeon, and saw 9 of its levels.
You also visited: Ossuary.

You collected 619 gold pieces.

Inventory:

Hand Weapons
 u - a +3 whip of freezing (weapon)
 C - a +5 scimitar
Missiles
 e - 32 poisoned darts
 l - 2 throwing nets
Armour
 a - a +0 robe
 j - a +0 helmet (worn)
 o - a +1 buckler (worn)
 p - a +0 pair of gloves (worn)
 z - a +2 robe of resistance (worn)
Jewellery
 h - a ring of protection from fire (left hand)
Wands
 n - a wand of paralysis (8)
 t - a wand of digging (1)
Scrolls
 q - 2 scrolls of torment
 r - a scroll of enchant armour
 v - a scroll of enchant weapon
 y - 2 scrolls of teleportation {unknown}
 A - a scroll of silence
Potions
 b - 4 potions of haste
 c - 2 potions of heal wounds {unknown}
 d - 3 potions of magic {unknown}
 f - 2 potions of might {unknown}
 g - a potion of attraction {unknown}
 i - 5 potions of curing
 k - 2 potions of invisibility {unknown}
 m - 4 potions of lignification {unknown}
 s - a potion of brilliance {unknown}
 w - a potion of cancellation {unknown}
 x - a potion of flight {unknown}


   Skills:
 * Level 10.1 Fighting
 - Level 1.1 Axes
 - Level 0.2(0.7) Maces & Flails
 - Level 2.1 Dodging
 - Level 1.5 Stealth
 - Level 4.0 Shields
 * Level 8.8 Spellcasting


You had 2 spell levels left.
You knew the following spells:

 Your Spells              Type           Power      Damage    Failure   Level
a - Magic Dart            Conj           100%       1d8       1%          1
b - Searing Ray           Conj           96%        3d7       1%          2
c - Dazzling Flash        Conj/Hex       96%        N/A       1%          3
d - Fulminant Prism       Conj/Hex       24%        3d13      1%          4
e - Iskenderun's Mystic   Conj/Tloc      48%        2d11      1%          4
f - Animate Skeleton      Necr           96%        N/A       1%          1
g - Slow                  Hex            48%        N/A       1%          2
h - Tukima's Dance        Hex            48%        N/A       1%          3
i - Animate Armour        Summ/Erth      96%        N/A       1%          4
Your spell library was empty.

Dungeon Overview and Level Annotations

Branches:
Dungeon (8/15)             Temple (1/1) D:7         Ossuary (visited)
   Lair: D:8-11

Altars:
Ashenzari
Cheibriados
Dithmenos
Elyvilon
Fedhas
Gozag
Hepliaklqana
Kikubaaqudgha
Makhleb
Nemelex Xobeh
Qazlal
Ru
Sif Muna
Trog
Uskayaw
Vehumet
Wu Jian
Xom
Yredelemnul
Zin
The Shining One

Annotations:
D:3 1 runed translucent door, vvlvvlvvl's ghost, amateur DrTm


Innate Abilities, Weirdness & Mutations

You are immune to sickness and miasma.
You are immune to poison.
Your flesh is very heat resistant. (rF++)
You are vulnerable to cold. (rC-)
You float through the air rather than walking.
You learn spells naturally, not from books.
Your magical power is your life essence.
You have superior vitality. (+4 HP)


Message History

* * * LOW HITPOINT WARNING * * *
Casting: Iskenderun's Mystic Blast (dangerous; 1% risk of failure)
Confirm with . or Enter, or press ? or * to list all spells.
Aiming: Searing Ray (safe; 1% risk of failure)
Press: ? - help, Shift-Dir - straight line, f - killer bee
Aim: a killer bee (65% to hit)
The searing ray misses the kobold brigand.
The searing ray hits the killer bee!
You kill the killer bee!
Makhleb accepts your kill.
The searing ray hits the killer bee!
The killer bee is heavily wounded. (Press . to maintain the ray.)
* * * LOW HITPOINT WARNING * * *
A two-headed ogre comes into view.
It is wielding a +0 giant club and a +0 giant spiked club.
The searing ray hits the kobold brigand.
You kill the kobold brigand!
Makhleb accepts your kill.
The searing ray hits the killer bee!
You kill the killer bee!
Makhleb accepts your kill.
You feel better.
The searing ray hits the killer bee!
The killer bee is almost dead.
* * * LOW HITPOINT WARNING * * *
The searing ray hits the killer bee!
You kill the killer bee!
Makhleb accepts your kill.
The searing ray hits the kobold!
You kill the kobold!
Makhleb accepts your kill.
* * * LOW HITPOINT WARNING * * *
Okay, then.
Casting: Searing Ray (safe; 1% risk of failure)
Confirm with . or Enter, or press ? or * to list all spells.
You miscast Iskenderun's Mystic Blast.
You are very lightly contaminated with residual magic.
Nothing appears to happen.
* * * LOW HITPOINT WARNING * * *
The wight hits you with a +5 scimitar!
You die...

...............
##.......[..#
#........y..#
#...<.....#
#####O##### #†#
#)# #†# #@# #z#
#)# #)# #)# ...
... ...


You could see a two-headed ogre and a wight.

Vanquished Creatures
  Pikel (D:5)
  A gargoyle (D:5)
  Prince Ribbit (D:6)
  5 yaks (D:8)
  Menkaure (D:7)
  2 water moccasins (D:6)
  An orc warrior (D:3)
  4 black bears
  2 ogres (D:5)
  2 centaurs
  A phantom (D:4)
  3 kobold brigands
  2 elf zombies (D:6)
  2 scorpions
  A gnoll sergeant (D:5)
  A bullfrog (D:7)
  An elf skeleton (D:6)
  2 wyvern skeletons
  5 killer bees (D:8)
  7 wights
  A howler monkey (D:6)
  3 jellies
  2 hounds
  A gnoll shaman (D:7)
  3 orc priests
  Jessica (D:3)
  2 human skeletons (D:6)
  3 iguanas
  Natasha (D:3)
  4 orc wizards
  A killer bee zombie (D:8)
  A hound skeleton (D:5)
  8 mummies (Ossuary)
  9 gnolls
  8 adders
  2 white imps (D:6)
  An ufetubus (D:4)
  2 worms
  4 dart slugs
  13 orcs
  2 ball pythons
  10 bats
  An endoplasm (D:2)
  A giant cockroach (D:4)
  7 hobgoblins
  14 jackals
  18 kobolds
  A quokka (D:2)
  3 frilled lizards
  2 gnoll zombies (Ossuary)
  5 goblins
  4 hobgoblin zombies (Ossuary)
  3 orc zombies
  3 rats
189 creatures vanquished.

Vanquished Creatures (others)
  3 fulminant prisms
3 creatures vanquished.

Grand Total: 192 creatures vanquished

Notes
Turn   | Place    | Note
-------+----------+-------------------------------------------
     0 | D:1      | BoredOne the Djinni Conjurer began the quest for the Orb.
     0 | D:1      | Reached XP level 1. HP: 15/15 MP: 0/0
   280 | D:1      | Reached skill level 1 in Fighting
   280 | D:1      | Reached XP level 2. HP: 20/22 MP: 0/0
   801 | D:1      | Found a faded altar of an unknown god.
   852 | D:1      | Reached XP level 3. HP: 25/27 MP: 0/0
   852 | D:1      | Learned a level 1 spell: Animate Skeleton
  1231 | D:2      | Reached skill level 2 in Fighting
  1415 | D:2      | Reached XP level 4. HP: 24/33 MP: 0/0
  2383 | D:3      | Found a runed translucent door.
  2386 | D:3      | Noticed vvlvvlvvl's ghost (amateur DrTm)
  2388 | D:3      | Noticed Jessica
  2389 | D:3      | Killed Jessica
  2390 | D:3      | Reached XP level 5. HP: 38/40 MP: 0/0
  2390 | D:3      | Learned a level 2 spell: Slow
  2546 | D:3      | Found a sparkling altar of Nemelex Xobeh.
  2565 | D:3      | Noticed an orc warrior
  2596 | D:3      | Killed an orc warrior
  2597 | D:3      | Reached skill level 3 in Fighting
  2597 | D:3      | Reached skill level 1 in Axes
  2597 | D:3      | Reached XP level 6. HP: 23/46 MP: 0/0
  2954 | D:3      | Found an ornate altar of the Wu Jian Council.
  3085 | D:3      | Noticed Natasha
  3089 | D:3      | Killed Natasha
  3348 | D:4      | Reached skill level 4 in Fighting
  3348 | D:4      | Reached skill level 1 in Shields
  3352 | D:4      | Noticed a black bear
  3364 | D:4      | Killed a black bear
  3365 | D:4      | Reached XP level 7. HP: 36/52 MP: 0/0
  3365 | D:4      | Learned a level 3 spell: Tukima's Dance
  3597 | D:4      | Found a glowing silver altar of Zin.
  3617 | D:4      | Reached skill level 5 in Spellcasting
  3818 | D:4      | Found a basalt altar of Yredelemnul.
  3913 | D:4      | Found a bloodstained altar of Trog.
  4023 | D:5      | Entered Level 5 of the Dungeon
  4028 | D:5      | Reached XP level 8. HP: 51/58 MP: 0/0
  4076 | D:5      | Reached skill level 5 in Fighting
  4635 | D:5      | Noticed Pikel
  4647 | D:5      | Killed Pikel
  4648 | D:5      | Reached skill level 6 in Fighting
  4648 | D:5      | Reached XP level 9. HP: 50/66 MP: 0/0
  4648 | D:5      | Learned a level 4 spell: Animate Armour
  5267 | D:5      | Noticed a gargoyle
  5278 | D:5      | Killed a gargoyle
  5279 | D:5      | Reached skill level 7 in Fighting
  5527 | D:6      | Found a shadowy altar of Dithmenos.
  5866 | D:6      | Found a sand-covered staircase.
  5881 | Ossuary  | Entered an ossuary
  6577 | D:6      | Reached skill level 8 in Fighting
  7026 | D:6      | Reached XP level 10. HP: 71/76 MP: 0/0
  7345 | D:6      | Noticed Prince Ribbit
  7362 | D:6      | Killed Prince Ribbit
  8023 | D:7      | Reached skill level 9 in Fighting
  8327 | D:7      | Found a staircase to the Ecumenical Temple.
  8336 | Temple   | Entered the Ecumenical Temple
  8803 | Temple   | Became a worshipper of Makhleb the Destroyer
  9291 | D:7      | Noticed Menkaure
  9301 | D:7      | Killed Menkaure
  9464 | D:8      | Reached * piety under Makhleb
  9477 | D:8      | Reached skill level 10 in Fighting
  9478 | D:8      | Noticed a two-headed ogre
  9481 | D:8      | Slain by a wight

Illustrated notes

Levels and vault maps discovered:
D:1:      lightli_arrival_maybe_door_vault, layout_loops_ring,
          shapermc_ecumenical_altar_notcrosses
D:2:      kennysheep_six_static_rooms, layout_loops_ring, basic_altar
D:3:      layout_rooms, nemelex_altar_shiori, nzn_wu_jian_contemplation,
          gammafunk_ghost_grave, kennysheep_generic_room_5, uniq_natasha,
          uniq_jessica
D:4:      layout_rooms, trog_ov_bears_minmay, nicolae_overflow_hidden_temple,
          lemuel_tele_altar, corexii_hall_statues_x
D:5:      layout_gridville, grunt_ministairs_5, kennysheep_generic_room_12,
          uniq_pikel
D:6:      layout_layer_cave, lemuel_doored_altar,
          nicolae_ossuary_entry_catacombs, abandoned_shop, uniq_prince_ribbit1
D:7:      layout_loops_ring, overflow_temple_1_default,
          minmay_temple_entry_purple_smoke, uniq_menkaure
D:8:      layout_rooms, mainiacjoe_overflow_catwalk, grunt_ogre_cave,
          water_boxes_lemuel
Temple:   eino_temple_water

Skill      XL: |  1  2  3  4  5  6  7  8  9 10 |
---------------+-------------------------------+-----
Fighting       | 1 2 3 4 6 8 10 | 10.1
Spellcasting   | 4 5 6 7 8 |  8.8
Axes           | 1 |  1.1
Shields        | 1 3 4 |  4.0
Maces & Flails | |  0.2
Dodging        | |  2.1
Stealth        | |  1.5

Action                   |  1- 3 |  4- 6 |  7- 9 | 10-12 || total
-------------------------+-------+-------+-------+-------++-------
Melee: Unarmed           |     1 |       |       |       ||     1
       Battleaxe         |       |     5 |       |       ||     5
       Dire flail        |       |     1 |     3 |       ||     4
       Whip              |       |       |     9 |       ||     9
 Cast: Magic Dart        |    45 |    51 |    99 |    41 ||   236
       Searing Ray       |     7 |    10 |    42 |    29 ||    88
       Slow              |       |     1 |    10 |     1 ||    12
       Iskenderun's Myst |       |       |     5 |    11 ||    16
       Fulminant Prism   |       |       |     3 |       ||     3
Evoke: Wand              |       |       |     1 |       ||     1
  Use: Scroll            |     2 |     3 |     4 |     1 ||    10
       Potion            |       |       |       |     2 ||     2
 Stab: Sleeping          |       |     1 |       |       ||     1
Armor: Robe              |     1 |     6 |     9 |     1 ||    17
Dodge: Dodged            |     9 |     8 |    23 |     6 ||    46
Block: Buckler           |       |       |     5 |     2 ||     7
